 Dungeon Crawl Stone Soup version 0.24-a0-447-ge8da9206dc (webtiles) character file.

Game seed: 16025719085377922950

27 KristoblXynda the Ducker (level 2, 0/16 HPs)
             Began as a Spriggan Berserker on June 25, 2019.
             Was a Follower of Trog.
             Slain by a goblin (1 damage)
             ... while paralysed
             ... on level 2 of the Dungeon.
             The game lasted 00:01:31 (560 turns).

KristoblXynda the Ducker (Spriggan Berserker)        Turns: 560, Time: 00:01:32

Health: 0/16       AC:  3    Str: 13    XL:     2   Next: 93%
Magic:  10/12      EV:  4    Int:  8    God:    Trog [*.....]
Gold:   50         SH:  0    Dex: 15    Spells: 1/1 levels left

rFire    . . .     SeeInvis +   a - +0 short sword
rCold    . . .     Gourm    .   (shield restricted)
rNeg     . . .     Faith    .   b - +0 animal skin
rPois    .         Spirit   .   (helmet restricted)
rElec    .         Reflect  .   h - +0 cloak
rCorr    .         Harm     .   (gloves unavailable)
MR       .....                  (boots unavailable)
Stlth    ++........             (no amulet)
HPRegen  0.05/turn              i - ring of magical power
MPRegen  0.13/turn              (no ring)

@: paralysed, berserk cooldown, slowed, very quick
A: very small, unfitting armour, see invisible, herbivore, speed 3, slow
metabolism 2
a: Berserk, Renounce Religion


You were on level 2 of the Dungeon.
You worshipped Trog.
Trog was aware of your devotion.
You were not hungry.

You visited 1 branch of the dungeon, and saw 2 of its levels.

You collected 50 gold pieces.

Inventory:

Hand Weapons
 a - a +0 short sword (weapon)
Armour
 b - a +0 animal skin (worn)
 h - a +0 cloak (worn)
Jewellery
 i - a ring of magical power (left hand)
Scrolls
 d - a scroll of immolation {unknown}
 e - a scroll of teleportation {unknown}
 f - a scroll of fear {unknown}
 j - a scroll of enchant armour {unknown}
Potions
 g - 2 potions of heal wounds {unknown}
Comestibles
 c - 3 rations


   Skills:
 + Level 2.6 Fighting
 + Level 3.6 Short Blades
 + Level 4.9 Dodging
 + Level 2.1 Stealth


You had one spell level left.
You didn't know any spells.
Your spell library was empty.

Dungeon Overview and Level Annotations

Branches:
Dungeon (2/15)

Altars:


Innate Abilities, Weirdness & Mutations

You are very small and have problems with some larger weapons.
You are too small for most types of armour.
You have supernaturally acute eyesight. (SInv)
You are a herbivore.
You cover ground extremely quickly.
You need to consume almost no food.


Message History

The rat closely misses you.
You puncture the hobgoblin!
You kill the hobgoblin!
Trog accepts your kill.
The hobgoblin closely misses you. x2; The hobgoblin hits you with a +0 club.
* * * LOW HITPOINT WARNING * * *
You puncture the hobgoblin!
You kill the hobgoblin!
Trog accepts your kill. The rat misses you. The hobgoblin closely misses you.
Things that are here:
a +0 club; a hobgoblin corpse You feel a strong urge to attack something.
You feel your anger nearly subside.
You are no longer berserk.
You pass out from exhaustion.
You feel yourself slow down. The goblin hits you but does no damage.
The goblin hits you.
You die...

....###....###.#
###.# #.#.##
......#.#
##.#####.#
#.###.#####)#
#..........#
#.###.#######
.###...#########.#
#.........@g......#
###########g#.#####
#≈≈...)g# #
#≈≈.....# #≈≈.....#
+g≈≈....# #≈≈.....#
#≈≈....?# #≈......#


You could see a hobgoblin and 2 goblins.

Vanquished Creatures
  A dart slug (D:1)
  A ball python (D:1)
  A bat (D:1)
  A giant cockroach (D:1)
  6 goblins
  6 hobgoblins
  A frilled lizard (D:1)
  2 kobolds
  A rat (D:1)
20 creatures vanquished.

Notes
Turn   | Place    | Note
-------+----------+-------------------------------------------
     0 | D:1      | KristoblXynda the Spriggan Berserker began the quest for
                  | the Orb.
     0 | D:1      | Reached XP level 1. HP: 11/11 MP: 2/2
   147 | D:1      | Reached skill level 1 in Stealth
   163 | D:1      | Reached XP level 2. HP: 16/16 MP: 3/3
   560 | D:2      | Slain by a goblin

Levels and vault maps discovered:
D:1:      wander_arrival_estate, layout_rooms
D:2:      layout_loops_ring, minivault_4, minivault_19, minmay_goblin_outpost

Skill      XL: |  1  2 |
---------------+-------+-----
Stealth        | 1 2 |  2.1
Fighting       | |  2.6
Short Blades   | |  3.6
Dodging        | |  4.9

Action                   || total
-------------------------++-------
Melee: Short sword       ||    52
Invok: Berserk           ||     1
 Stab: Sleeping          ||     3
Armor: Animal skin       ||     7
Dodge: Dodged            ||    51

Table legend:
 A = Non-vault XP
 B = Vault XP
 C = Vault XP percentage of total XP
 D = Non-vault monster count
 E = Vault monster count
 F = Vault count percentage of total count
                 A         B        C        D         E       F
            +---------+---------+-------+---------+---------+-------
      Total |      31 |       8 |  20.5 |      16 |       4 |  20.0
            +---------+---------+-------+---------+---------+-------
        D:1 |      29 |       0 |   0.0 |      15 |       0 |   0.0
        D:2 |       2 |       8 |  80.0 |       1 |       4 |  80.0
            +---------+---------+-------+---------+---------+-------
